 Dungeon Crawl Stone Soup version 0.21.1-1-g345015f (webtiles) character file.

86 Iko the Skirmisher (level 4, 0/29 HPs)
             Began as a Gargoyle Berserker on May 6, 2018.
             Was a Follower of Trog.
             Slain by a kobold
             ... wielding a +0 dagger
              (3 damage)
             ... on level 3 of the Dungeon.
             The game lasted 00:06:35 (536 turns).

Iko the Skirmisher (Gargoyle Berserker)              Turns: 536, Time: 00:06:36

Health: 0/29       AC:  5    Str: 20    XL:     4   Next: 49%
Magic:  4/4        EV: 12    Int:  9    God:    Trog [*.....]
Gold:   24         SH:  0    Dex:  9    Spells: 3/3 levels left

rFire    . . .     SeeInvis .   a - +0 falchion
rCold    . . .     Gourm    .   (no shield)
rNeg     + . .     Faith    .   b - +0 animal skin
rPois    ∞         Spirit   .   (no helmet)
rElec    +         Reflect  .   (no cloak)
rCorr    .         Harm     .   (no gloves)
MR       .....                  (no boots)
Stlth    +.........             (no amulet)
HPRegen  0.09/turn              (no ring)
MPRegen  0.09/turn              (no ring)

@: confused
A: negative energy resistance 1, electricity resistance, unbreathing,
petrification resistance, rot immunity, AC +3
a: Berserk, Burn Spellbooks, Renounce Religion


You were on level 3 of the Dungeon.
You worshipped Trog.
Trog was aware of your devotion.
You were not hungry.

You visited 1 branch of the dungeon, and saw 3 of its levels.

You collected 24 gold pieces.

Inventory:

Hand Weapons
 a - a +0 falchion (weapon)
Armour
 b - a +0 animal skin (worn)
Comestibles
 c - 4 rations


   Skills:
 + Level 4.0 Fighting
 + Level 3.7 Long Blades
 + Level 2.9 Armour
 + Level 1.7 Dodging
 + Level 0.2 Stealth


You had 3 spell levels left.
You didn't know any spells.

Dungeon Overview and Level Annotations

Branches:
Dungeon (3/15)

Altars:
Vehumet


Innate Abilities, Weirdness & Mutations

You are resistant to torment.
Your stone body is resilient. (AC +3)
You are immune to poison.
You resist negative energy. (rN+)
You are resistant to electric shocks. (rElec)
You can survive without breathing.
You are immune to petrification.
You are immune to rotting.


Message History

* * * LOW HITPOINT WARNING * * *
You're too confused!
You're too confused!
You're too confused!
You're too confused!
You're too confused!
You're too confused!
You bump into the rock wall.
The kobold barely misses you. The ooze completely misses you.
You're too confused to move!
The kobold hits you but does no damage. The ooze hits you but does no damage.
The giant cockroach bites you.
* * * LOW HITPOINT WARNING * * *
You bump into the rock wall.
The kobold hits you but does no damage. The giant cockroach closely misses you.
The ooze jiggles.
The ooze closely misses you.
You closely miss the giant cockroach.
The giant cockroach bites you but does no damage.
The kobold hits you with a dagger.
You die...

#. #.# ####.#.##)# .#.#
#....#.##)####.#.#
#....#...........#
#.........#......#
#.........#.......
#.........#....#.
#####........h#J...#..##
#............{oK@s......
#.###........h####.#..##
#.# #########.# .. #.#
#.# ... #.# #.# ... #.#
#.. .. #.# ... . #.#
#.## #.# ..#


You could see an ooze, an orc, 2 jackals, a giant cockroach and a kobold.

Vanquished Creatures
  An orc priest (D:3)
  4 adders
  The ghost of Iko the Caller, a weakling BaSu of Makhleb (D:3)
  A leopard gecko (D:3)
  An orc (D:3)
  4 bats
  2 goblins (D:1)
  A hobgoblin (D:2)
  A ball python (D:2)
  A frilled lizard (D:1)
  3 kobolds
  3 rats
23 creatures vanquished.

Notes
Turn   | Place    | Note
-------+----------+-------------------------------------------
     0 | D:1      | Iko the Gargoyle Berserker began the quest for the Orb.
     0 | D:1      | Reached XP level 1. HP: 14/14 MP: 1/1
   131 | D:1      | Reached XP level 2. HP: 17/19 MP: 2/2
   319 | D:2      | Reached XP level 3. HP: 11/23 MP: 3/3
   327 | D:2      | Found a radiant altar of Vehumet.
   485 | D:3      | Noticed Iko's ghost (weakling BaSu)
   491 | D:3      | Killed Iko's ghost
   499 | D:3      | Reached skill level 4 in Fighting
   499 | D:3      | Reached XP level 4. HP: 10/29 MP: 4/4
   536 | D:3      | Slain by a kobold

Skill      XL: |  1  2  3 |
---------------+----------+-----
Long Blades    | 3 |  3.7
Fighting       | 4 |  4.0
Armour         | |  2.9
Dodging        | |  1.7
Stealth        | |  0.2

Action                   |  1- 3 |  4- 6 || total
-------------------------+-------+-------++-------
Melee: Falchion          |    74 |    21 ||    95
Invok: Berserk           |     1 |       ||     1
  Use: Scroll            |     1 |       ||     1
       Potion            |     1 |       ||     1
Armor: Animal skin       |    30 |    12 ||    42
Dodge: Dodged            |    67 |    22 ||    89
       Rpst.: Falchion   |    23 |     2 ||    25
